 Dungeon Crawl Stone Soup version 0.29-a0-359-g541a27f54d (webtiles) character file.

Game seed: 14633425427336469911

4 siradein the Skirmisher (level 1, 20/20 HPs)
             Began as a Hill Orc Fighter on Apr 27, 2022.
             Was a Follower of Vehumet.
             Quit the game on level 1 of the Dungeon.
             The game lasted 00:00:36 (215 turns).

siradein the Skirmisher (Hill Orc Fighter)           Turns: 215, Time: 00:00:37

Health: 20/20      AC:  6    Str: 18    XL:     1   Next: 70%
Magic:  1/1        EV:  9    Int:  8    God:    Vehumet [*.....]
Gold:   0          SH:  4    Dex: 10    Spells: 0/0 levels left

rFire   . . .      SeeInvis .   a - +0 war axe
rCold   . . .      Faith    .   c - +0 buckler
rNeg    . . .      Spirit   .   b - +0 scale mail
rPois   .          Reflect  .   (no helmet)
rElec   .          Harm     .   (no cloak)
rCorr   .          Rampage  .   (no gloves)
Will    .....                   (no boots)
Stlth   ..........              (no amulet)
HPRegen 0.06/turn               (no ring)
MPRegen 0.07/turn               (no ring)

@: no status effects
A: no striking features
a: Renounce Religion


You were on level 1 of the Dungeon.
You worshipped Vehumet.
Vehumet was aware of your devotion.
You visited 1 branch of the dungeon, and saw 1 of its levels.

Inventory:

Hand Weapons
 a - a +0 war axe (weapon)
Armour
 b - a +0 scale mail (worn)
 c - a +0 buckler (worn)
Scrolls
 f - a scroll of teleportation {unknown}
Potions
 d - a potion of might
 e - a potion of resistance {unknown}
 g - a potion of heal wounds {unknown}


   Skills:
 + Level 3.7 Fighting
 + Level 2.8 Axes
 + Level 3.3 Armour
 + Level 3.3 Shields


You couldn't memorise any spells.
You didn't know any spells.
Your spell library was empty.

Dungeon Overview and Level Annotations

Branches:
Dungeon (1/15)

Altars:
Vehumet


Message History

A quokka comes into view.
You see here a giant cockroach corpse.
You closely miss the kobold. The kobold hits you but does no damage.
The kobold hits you with a +0 short sword.
You slash the kobold!
You kill the kobold!
The quokka bites you.
You barely miss the quokka.
The quokka bites you but does no damage.
You miss the quokka.
The quokka bites you but does no damage.
You block the quokka's attack.
You closely miss the quokka.
The quokka bites you but does no damage. x2
You barely miss the quokka. You block the quokka's attack.
The quokka closely misses you.
You hit the quokka.
The quokka is heavily wounded.
The quokka closely misses you.
You barely miss the quokka.
The quokka is heavily wounded.
You block the quokka's attack. The quokka closely misses you.
You hit the quokka.
You kill the quokka!
No target in view!
No target in view!
Things that are here:
a +0 short sword; a kobold corpse You see here a giant cockroach corpse.
Found a faded altar of an unknown god.
g - a glowing cyan potion
There is a faded altar of an unknown god here.
You cannot tell which god this altar belongs to.
Convert to them anyway?
Vehumet accepts your prayer! Vehumet welcomes you!
You can now gain magical power from killing.
Vehumet offers you knowledge of Shock.
You can't memorise that many levels of magic yet!
Found a short sword.
Are you sure you want to abandon this character and quit the game? (Confirm with "yes".)

#†#########
#####..........
.................
#+####........###
..............#
..$.?.........#
.....?........#
..............#
)......@......#
#.####........##
#.........#
#...§..§..#
##...._.#.#
#.....§#.#
......+..# #
#.##...#..# #
#####..#


There were no monsters in sight!

Vanquished Creatures
  An endoplasm (D:1)
  A giant cockroach (D:1)
  A quokka (D:1)
  A kobold (D:1)
4 creatures vanquished.

Notes
Turn   | Place    | Note
-------+----------+-------------------------------------------
     0 | D:1      | siradein the Hill Orc Fighter began the quest for the Orb.
     0 | D:1      | Reached XP level 1. HP: 19/19 MP: 1/1
   201 | D:1      | Found a faded altar of an unknown god.
   210 | D:1      | Prayed at the altar of an unknown god.
   210 | D:1      | Became a worshipper of Vehumet
   210 | D:1      | Reached * piety under Vehumet
   210 | D:1      | Offered knowledge of Shock by Vehumet.
   215 | D:1      | Quit the game

Illustrated notes

Levels and vault maps discovered:
D:1:      sevenhm_arrival_forest_fort_large_2, layout_basic,
          ebering_ecumenical_altar_mist, chequers_serial_rivers_small_a,
          chequers_serial_rivers_micro_b, chequers_serial_rivers_micro_e,
          minmay_misc_feat_rugged

Action                   || total
-------------------------++-------
Melee: War axe           ||    16
Armor: Scale mail        ||     9
Dodge: Dodged            ||     3
Block: Buckler           ||     5

Table legend: (Time is in decaauts)
 A = Elapsed time spent in this place.
 B = Non-inter-level travel time spent in this place.
 C = Inter-level travel time spent in this place.
 D = Time resting spent in this place.
 E = Time spent auto-exploring this place.
 F = Levels seen in this place.
 G = Mean time per level.
                   A        B        C        D        E       F      G
               +--------+--------+--------+--------+--------+-----+--------+
         Total |    221 |    221 |      0 |      0 |    167 |   1 |  221.0 |
       Dungeon |    221 |    221 |      0 |      0 |    167 |   1 |  221.0 |
               +--------+--------+--------+--------+--------+-----+--------+

Top non-repeatable levels by time:
     D:1: 221 daAuts
